 Dungeon Crawl Stone Soup version 0.26-a0-1191-ge2a0e31ab3 (webtiles) character file.

Game seed: 101972726197381577

17 sahdkjhfkaj the Grave Robber (level 2, 19/21 HPs)
             Began as a Palentonga Necromancer on Dec 28, 2020.
             Quit the game on level 2 of the Dungeon.
             The game lasted 00:03:44 (1114 turns).

sahdkjhfkaj the Grave Robber (PaNe)                 Turns: 1114, Time: 00:03:44

Health: 19/21      AC:  6    Str: 11    XL:     2   Next: 44%
Magic:  0/5        EV: 10    Int: 15    God:
Gold:   63         SH:  0    Dex: 10    Spells: 4/6 levels left

rFire    . . .     SeeInvis +   a - +0 dagger
rCold    . . .     Faith    .   (no shield)
rNeg     . . .     Spirit   .   h - +0 robe
rPois    .         Reflect  .   g - +0 helmet
rElec    .         Harm     .   (no cloak)
rCorr    .         Rampage  .   n - +0 pair of gloves
Will     .....                  (no barding)
Stlth    ++........             (no amulet)
HPRegen  0.07/turn              (no ring)
MPRegen  0.09/turn              (no ring)

@: very slightly contaminated
A: large, rugged brown scales 3, see invisible, deformed body, roll 1, armoured
tail
a: Rolling Charge


You were on level 2 of the Dungeon.
You visited 1 branch of the dungeon, and saw 2 of its levels.

You collected 63 gold pieces.

Inventory:

Hand Weapons
 a - a +0 dagger (weapon)
Armour
 g - a +0 helmet (worn)
 h - a +0 robe (worn)
 n - a +0 pair of gloves (worn)
Jewellery
 m - a +4 ring of protection {unknown}
Scrolls
 b - a scroll of identify {unknown}
 c - a scroll of blinking {unknown}
 f - a scroll of immolation {unknown}
 k - a scroll of teleportation {unknown}
Potions
 d - a potion of cancellation {unknown}
 e - a potion of resistance {unknown}
 i - a potion of brilliance {unknown}
 j - a potion of haste {unknown}
 l - a potion of heal wounds {unknown}


   Skills:
 - Level 2.0 Dodging
 + Level 1.4 Stealth
 - Level 2.5 Spellcasting
 - Level 4.0 Necromancy


You had 4 spell levels left.
You knew the following spells:

 Your Spells              Type           Power        Failure   Level
a - Pain                  Necr           52%          4%          1
A - Animate Skeleton      Necr           26%          4%          1

Your spell library contained the following spells:

 Spells                   Type           Power        Failure   Level
 Vampiric Draining        Necr           6%           12%         3
 Animate Dead             Necr           6%           38%         4
 Agony                    Necr           13%          75%         5


Dungeon Overview and Level Annotations

Branches:
Dungeon (2/15)

Altars:


Innate Abilities, Weirdness & Mutations

You are completely covered in rugged brown scales. (AC +3, +7% HP)
You have supernaturally acute eyesight. (SInv)
Armour fits poorly on your strangely shaped body.
You can roll at nearby foes to attack.
You have a long armoured tail.


Message History

Aiming: Pain (safe; 4% risk of failure)
Press: ? - help, Shift-Dir - straight line, f/p - hobgoblin
Aim: a hobgoblin, wielding a +0 club (heavily wounded, chance to affect: 83%)
The hobgoblin writhes in agony.
You kill the hobgoblin!
Casting: Pain (safe; 4% risk of failure)
Confirm with . or Enter, or press ? or * to list all spells.
You can't see any susceptible monsters within range! (Use Z to cast anyway.) Unknown command.
Things that are here:
a +0 club; a hobgoblin corpse
Casting: Pain (safe; 4% risk of failure)
Confirm with . or Enter, or press ? or * to list all spells.
You attempt to give life to the dead...
Before your eyes, flesh is ripped from the corpse!
The dead are walking!
Saving game... please wait.
Welcome back, sahdkjhfkaj the Palentonga Necromancer.
Press ? for a list of commands and other information.
Are you sure you want to abandon this character and quit the game? (Confirm with "yes".)

# #+####
##.##....#
#...Z<...#
#....@...#
#........#
#........#
#......#.#
#......#.#
#......# #
#......#
##.#+###


You could see a friendly hobgoblin skeleton.

Vanquished Creatures
  A dart slug (D:1)
  A giant cockroach (D:1)
  4 goblins (D:1)
  2 hobgoblins
  2 kobolds (D:1)
  A bat (D:1)
  2 frilled lizards (D:1)
  3 rats (D:1)
16 creatures vanquished.

Notes
Turn   | Place    | Note
-------+----------+-------------------------------------------
     0 | D:1      | sahdkjhfkaj the Palentonga Necromancer began the quest for
                  | the Orb.
     0 | D:1      | Reached XP level 1. HP: 14/14 MP: 3/3
     2 | D:1      | Learned a level 1 spell: Animate Skeleton
   514 | D:1      | Reached XP level 2. HP: 20/21 MP: 3/5
  1114 | D:2      | Quit the game

Illustrated notes

Levels and vault maps discovered:
D:1:      heliophobic_arrival_henge, layout_loops_cross, minmay_tromino_i2
D:2:      layout_basic, lightli_temple_of_fire, kennysheep_generic_room_8

Skill      XL: |  1  2 |
---------------+-------+-----
Dodging        | 2 |  2.0
Stealth        | |  1.4
Spellcasting   | |  2.5
Necromancy     | |  4.0

Action                   || total
-------------------------++-------
Melee: Dagger            ||     2
 Cast: Pain              ||    26
       Animate Skeleton  ||     3
Armor: Robe              ||     4
Dodge: Dodged            ||     4

Table legend: (Time is in decaauts)
 A = Elapsed time spent in this place.
 B = Non-inter-level travel time spent in this place.
 C = Inter-level travel time spent in this place.
 D = Time resting spent in this place.
 E = Time spent auto-exploring this place.
 F = Levels seen in this place.
 G = Mean time per level.
                   A        B        C        D        E       F      G
               +--------+--------+--------+--------+--------+-----+--------+
         Total |   1113 |   1036 |     77 |    418 |    504 |   2 |  556.5 |
       Dungeon |   1113 |   1036 |     77 |    418 |    504 |   2 |  556.5 |
               +--------+--------+--------+--------+--------+-----+--------+

Top non-repeatable levels by time:
     D:1: 1106 daAuts
     D:2: 6 daAuts
